 Dungeon Crawl Stone Soup version 0.18-a0-1109-gfc003ac (webtiles) character file.

128 4thArraOfDagon the Chopper (level 5, -4/47 HPs)
             Began as a Hill Orc Berserker on Jan 16, 2016.
             Was a Follower of Trog.
             Slain by an orc
             ... wielding a +0 dagger
              (5 damage)
             ... on level 6 of the Dungeon.
             The game lasted 00:03:00 (377 turns).

4thArraOfDagon the Chopper (Hill Orc Berserker)      Turns: 377, Time: 00:03:00

Health: -4/47      AC:  0    Str: 16    XL:     5   Next: 12%
Magic:  5/5        EV: 19    Int:  7    God:    Trog [*.....]
Gold:   0          SH:  0    Dex: 15    Spells: 0 memorised, 4 levels left

rFire  . . .     SeeInvis .     (weapon currently unavailable)
rCold  . . .     Gourm    .     (armour currently unavailable)
rNeg   . . .     Faith    .     (shield currently unavailable)
rPois  .         Spirit   .     (helmet currently unavailable)
rElec  .         Dismiss  .     (cloak currently unavailable)
rCorr  .         Reflect  .     (gloves currently unavailable)
SustAt .         Harm     .     (boots currently unavailable)
MR     .....                    (no amulet)
Stlth  +.........               (ring currently unavailable)
                                (ring currently unavailable)

@: bat-form, vulnerable, flying, very quick, not resistant to hostile
enchantments, very unstealthy
A: no striking features
a: Berserk, Burn Spellbooks, Renounce Religion


You were on level 6 of the Dungeon.
You worshipped Trog.
Trog was aware of your devotion.
You were hungry.
You were in bat-form.
You visited 1 branch of the dungeon, and saw 6 of its levels.

Inventory:

Hand Weapons
 a - a +0 hand axe (melded)
Armour
 b - a +0 animal skin (melded)
 e - a +0 cloak (melded)
Wands
 f - a wand of polymorph (1/24)
Comestibles
 c - a bread ration
 d - 2 meat rations
 g - 6 chunks of flesh


   Skills:
 + Level 4.6 Fighting
 * Level 6.1 Axes
 + Level 3.1 Armour
 - Level 1.5 Dodging


You had 4 spell levels left.
You didn't know any spells.

Dungeon Overview and Level Annotations

Branches:
Dungeon (5/15)
 Temple: D:4-7

Altars:


Message History

You feel less exhausted.
The orc priest shouts, "Surrender to Beogh and we'll let you live!" (press Y on the ability menu to convert to Beogh)
The orc closely misses you.
Unknown command.
Unknown command.
You can't do that in your present form.
Read which item? (? for menu, Esc to quit)
Okay, then.
Read which item? (? for menu, Esc to quit)
As you read the scroll labeled RAIRIZ IMMIPN, it crumbles to dust.
Magic quickly surges around you.
It was a scroll of vulnerability.
The orc misses you. The orc hits you with a whip!
* * * LOW HITPOINT WARNING * * *
Unknown command.
Really attack barehanded?
Okay, then.
Really attack barehanded?
You hit the orc but do no damage. The orc hits you with a dagger.
You die...

.. ### .#
#.#### ..
#.o..## .
#b##..#.#
#o###.#.#
#.......#
##..#.###
####..# #
##.# ####
#.########...
#o.(......(##
##..#########


You could see 2 orcs.

Vanquished Creatures
  A centaur (D:6)
  A hound (D:4)
  A worm (D:2)
  An orc (D:3)
  A goblin (D:2)
  3 hobgoblins (D:2)
  A jackal (D:4)
  2 kobolds (D:2)
  2 bats
13 creatures vanquished.

Notes
Turn   | Place    | Note
--------------------------------------------------------------
     0 | D:1      | 4thArraOfDagon the Hill Orc Berserker began the quest for the Orb.
     0 | D:1      | Reached XP level 1. HP: 19/19 MP: 1/1
    21 | D:2      | jacquesderrida: ayy...
    39 | D:2      | 4thArraOfDagon: no rpois
    80 | D:2      | Reached XP level 2. HP: 10/27 MP: 2/2
   231 | D:4      | Reached skill level 5 in Axes
   231 | D:4      | Reached XP level 3. HP: 12/33 MP: 3/3
   262 | D:4      | Noticed an ogre
   268 | D:4      | Noticed an ogre
   269 | D:4      | Noticed an ogre
   271 | D:4      | jacquesderrida: lal
   282 | D:5      | Entered Level 5 of the Dungeon
   291 | D:5      | You fall through a shaft!
   293 | D:6      | jacquesderrida: realm of big mans
   315 | D:6      | Noticed a centaur
   329 | D:6      | Killed a centaur
   329 | D:6      | Reached skill level 6 in Axes
   329 | D:6      | Reached XP level 4. HP: 4/41 MP: 4/4
   329 | D:6      | Reached XP level 5. HP: 4/47 MP: 5/5
   376 | D:6      | HP: 1/47 [orc/whip (7)]
   377 | D:6      | Slain by an orc

Vault maps used:
D:1:      zaba_arrival_water, st_stairs_9
D:2:      grunt_qazlal_clouds
D:3:      uniq_natasha
D:4:      first_bread, uniq_crazy_yiuf_cottage, uniq_purgy
D:5:      grunt_gozag_statues, uniq_duvessa, uniq_prince_ribbit1
D:6:      lemuel_crystal_altar, minmay_temple_entry_nine_rooms

Action                   |  1- 3 |  4- 6 || total
-------------------------+-------+-------++-------
Melee: Hand axe          |    45 |     2 ||    47
       Unarmed           |     7 |     1 ||     8
Invok: Berserk           |     3 |       ||     3
Evoke: Wand              |     3 |     1 ||     4
  Use: Potion            |     1 |       ||     1
       Scroll            |       |     1 ||     1
  Eat: Chunk             |       |     1 ||     1
